 Dungeon Crawl Stone Soup version 0.31-a0-83-gbff143cfd1 (webtiles) character file.

Game seed: 17086424657212070314

32011 Armakuni the Cleaver (level 14, 109/109 HPs)
             Began as a Human Artificer on May 22, 2023.
             Was an Elder of Qazlal.
             Got out of the dungeon alive.
             The game lasted 00:39:57 (14683 turns).

Armakuni the Cleaver (Human Artificer)             Turns: 14683, Time: 00:39:57

Health: 109/109    AC: 16    Str: 24    XL:     14   Next: 0%
Magic:  21/21      EV: 17    Int: 12    God:    Qazlal [****..]
Gold:   2942       SH: 15    Dex: 13    Spells: 12/13 levels left

rFire   . . .        a - +7 hand axe "Plog" {drain, Str+4}
rCold   + . .        x - +0 buckler
rNeg    . . .        Q - +4 ring mail "Xakk" {Str+2}
rPois   .            O - +2 hat {Will+}
rElec   .            W - +0 cloak
rCorr   .            (no gloves)
SInv    .            d - +0 pair of boots
Will    ++...        H - amulet of reflection
Stlth   +            E - +5 ring of evasion
HPRegen 0.38/turn    J - ring of protection from cold
MPRegen 0.17/turn

%: repel missiles, reflection
@: no status effects
A: no striking features
a: Renounce Religion, Upheaval, Elemental Force


You escaped.
You worshipped Qazlal.
Qazlal was greatly pleased with you.
You visited 3 branches of the dungeon, and saw 15 of its levels.

You collected 3078 gold pieces.
You spent 136 gold pieces at shops.

Inventory:

Hand Weapons
 a - the +7 hand axe "Plog" (weapon) {drain, Str+4}
   (You bought it in a shop on level 1 of the Dungeon)

   Str:       It affects your strength (+4).
 b - the +5 hand axe "Yxiuss" {protect, *Rage Fly rC+++}
   (You found it on level 7 of the Dungeon)

   rC:        It renders you almost immune to cold.
   Fly:       It grants you flight.
   *Rage:     It berserks you when you make melee attacks (+20% chance).
 A - a +1 broad axe
Missiles
 i - 11 javelins
 j - 11 throwing nets (quivered)
 y - 19 boomerangs
Armour
 d - a +0 pair of boots (worn)
 x - a +0 buckler (worn)
 C - a +2 chain mail of poison resistance
 O - a +2 hat of willpower (worn)
 Q - the +4 ring mail "Xakk" (worn) {Str+2}
   (You found it on level 1 of the Lair of Beasts)

   Str:       It affects your strength (+2).
 W - a +0 cloak (worn)
Jewellery
 B - a ring of ice
 E - a +5 ring of evasion (left hand)
 H - an amulet of reflection (around neck)
 J - a ring of protection from cold (right hand)
 K - a ring of resist corrosion
 U - the ring of Cucoadd {rC+ Will+ Str+6 Slay-6}
   (You found it on level 3 of the Lair of Beasts)

   [ring of protection from cold]

   Str:       It affects your strength (+6).
   Slay:      It affects your accuracy & damage with ranged weapons and melee
   (-6).
   rC:        It protects you from cold.
   Will:      It increases your willpower.
Wands
 c - a wand of charming (5)
 m - a wand of iceblast (5)
 p - a wand of paralysis (11)
 v - a wand of flame (16)
 G - a wand of mindburst (16)
 N - a wand of digging (7)
 V - a wand of polymorph (6)
Scrolls
 l - 3 scrolls of teleportation
 o - 2 scrolls of vulnerability
 t - 4 scrolls of fear
 z - a scroll of enchant armour
 D - a scroll of enchant weapon
 F - 2 scrolls of magic mapping
 L - 5 scrolls of amnesia
 M - 3 scrolls of identify
 P - a scroll of silence
 R - a scroll of blinking
 S - a scroll of noise {unknown}
Potions
 e - 3 potions of lignification
 f - 2 potions of attraction
 g - 2 potions of might
 h - 3 potions of magic
 k - 2 potions of brilliance
 n - 7 potions of curing
 q - a potion of cancellation
 r - 2 potions of berserk rage
 s - 2 potions of ambrosia
 u - 2 potions of haste
 w - 4 potions of enlightenment
 I - a potion of mutation {unknown}
 T - a potion of heal wounds


   Skills:
 + Level 9.9 Fighting
 - Level 13.9(14.0) Axes
 - Level 1.0(9.0) Maces & Flails
 - Level 2.0 Throwing
 - Level 10.0 Armour
 - Level 5.0 Dodging
 - Level 1.0 Stealth
 - Level 4.0 Shields
 - Level 10.0 Invocations
 - Level 5.0 Evocations


You had 12 spell levels left.
You knew the following spells:

 Your Spells              Type           Power      Damage    Failure   Level
a - Apportation           Tloc           0%         N/A       50%         1

Your spell library contained the following spells:

 Spells                   Type           Power      Damage    Failure   Level
 Dazzling Flash           Conj/Hex       0%         N/A       86%         3
 Ignite Poison            Fire/Tmut/Pois 0%         N/A       86%         3
 Sticky Flame             Conj/Fire      0%         2d3       99%         4
 Agony                    Necr           0%         N/A       100%        5
 Alistair's Intoxication  Tmut/Pois      0%         N/A       100%        5
 Borgnjor's Vile Clutch   Necr/Erth      0%         N/A       100%        5
 Silence                  Hex/Air        0%         N/A       100%        5
 Eringya's Noxious Bog    Tmut/Pois      0%         N/A       100%        6
 Ignition                 Fire           0%         3d3       100%        8


Dungeon Overview and Level Annotations

Branches:
Dungeon (11/15)            Temple (1/1) D:4            Lair (3/5) D:11
  Swamp (0/4) Lair:2       Spider (0/4) Lair:2          Orc (0/2) D:9

Altars:
Ashenzari
Cheibriados
Dithmenos
Elyvilon
Fedhas
Gozag
Hepliaklqana
Kikubaaqudgha
Makhleb
Nemelex Xobeh
Okawaru
Qazlal
Ru
Sif Muna
Trog
Uskayaw
Vehumet
Wu Jian
Xom
Yredelemnul
Zin
The Shining One

Shops:
D:1 (   D:2 :

Annotations:
D:3 1 runed translucent door, pk666's ghost, amateur DEHW
D:10 2 transporters, mopl's ghost, journeyman OpHW


Message History

There is a stone staircase leading down here.
There is an open door here.
There is an open door here.
There is a stone staircase leading up here.
You climb upwards.
There is a stone staircase leading down here.
You see here a +0 club.
Things that are here:
a +0 leather armour; a +0 club
There is a stone staircase leading up here.
You climb upwards.
There is a stone staircase leading down here.
There is a stone staircase leading up here.
You climb upwards.
There is a stone staircase leading down here.
There is a stone staircase leading up here.
You climb upwards.
There is a stone staircase leading down here.
There is a stone staircase leading up here.
You climb upwards.
There is a stone staircase leading down here.
There is a stone staircase leading up here.
You climb upwards.
There is a stone staircase leading down here.
There is a stone staircase leading up here.
You climb upwards.
Level annotation: 1 runed translucent door, pk666's ghost, amateur DEHW
There is a stone staircase leading down here.
There is a stone staircase leading up here.
You climb upwards.
There is a stone staircase leading down here.
There is an open door here.
There is a stone staircase leading up here.
You climb upwards.
There is a stone staircase leading down here.
There is a staircase leading out of the dungeon here.
Are you sure you want to leave the Dungeon?
This will make you lose the game! [Y]es or [N]o only, please.
Are you sure you want to leave the Dungeon?
This will make you lose the game!
You have escaped!

########.#..#...#######..........
.######....................####..
.....##.........##.........# #..
.###.##.........##.........####..
.# #.....##............##.....##.
.###.....##............##.....##.
..................°...........##.
###............○..............#..
#...##.......○@.☼.......##....#
#...##......○°.>........##..###
#...........................#
#...........................#
#......##............##.....# #
#......##............##...).# #
#...#^........##.........###### #
#.###.........##...............
###.###...(.................#####


There were no monsters in sight!

Vanquished Creatures
  Gastronok (D:11)
  Fannar (D:11)
  2 hydras
  A centaur warrior (D:9)
  Erica (D:8)
  A two-headed ogre (D:11)
  3 boulder beetles
  A tengu warrior (D:9)
  A skyshark (Lair:2)
  A pharaoh ant (Lair:2)
  Lodul (D:11)
  Pikel (D:8)
  A deep elf pyromancer (D:9)
  An ugly thing (D:9)
  2 cyclopes
  Joseph (D:8)
  7 cane toads
  An unseen horror (D:11)
  Psyche (D:9)
  A kobold demonologist (D:11)
  2 gargoyles
  4 komodo dragons
  A troll (D:11)
  Grinder (D:3)
  A hornet (D:9)
  2 tarantellas (Lair:2)
  8 blink frogs
  9 yaks
  3 wyverns
  A shadow (D:11)
  4 wraiths
  A steam dragon (D:9)
  2 basilisks (Lair:1)
  Eustachio (D:6)
  A redback (Lair:2)
  Menkaure (D:6)
  9 vampire mosquitoes
  2 acid dragons (D:9)
  9 water moccasins
  8 orc warriors
  A swamp drake (D:9)
  2 sky beasts
  3 ice beasts
  A hornet zombie (D:6)
  6 black bears
  4 wolves (Lair:2)
  4 centaurs
  12 ogres
  2 lemures (D:8)
  A phantom (D:5)
  4 gnoll sergeants
  3 scorpions
  A wyvern zombie (D:6)
  11 bullfrogs
  A necrophage (D:6)
  A water moccasin zombie (D:6)
  6 wights (D:8)
  12 killer bees
  3 howler monkeys (D:9)
  2 bullfrog zombies (D:6)
  8 hounds
  11 orc priests
  2 gnoll boudas
  A jelly (D:4)
  A human zombie (D:6)
  A sleepcap (D:4)
  4 iguanas
  10 orc wizards
  A killer bee zombie (D:6)
  2 mummies (D:6)
  2 howler monkey zombies (D:6)
  32 gnolls
  8 adders
  A shadow imp (D:5)
  A white imp (D:8)
  2 ufetubi (D:4)
  An adder skeleton (D:2)
  2 worms
  46 orcs
  4 bats
  A bat zombie (D:2)
  5 endoplasms (D:4)
  A giant cockroach (D:1)
  6 goblins
  6 hobgoblins
  3 jackals
  6 kobolds
  2 quokkas
  6 ball pythons
  A ball python skeleton (D:2)
  A frilled lizard (D:2)
  A quokka skeleton (D:2)
  A quokka zombie (D:2)
  4 rats
364 creatures vanquished.

Vanquished Creatures (collateral kills)
  2 boulder beetles (D:11)
  A gnoll sergeant (D:5)
  2 gnolls (D:5)
  An orc (D:11)
6 creatures vanquished.

Vanquished Creatures (others)
  2 wights (D:8)
  A hound (D:5)
  A gnoll bouda (D:5)
  4 gnolls (D:5)
8 creatures vanquished.

Grand Total: 378 creatures vanquished

Notes
Turn   | Place    | Note
-------+----------+-------------------------------------------
     0 | D:1      | Armakuni the Human Artificer began the quest for the Orb.
     0 | D:1      | Reached XP level 1. HP: 15/15 MP: 1/1
   118 | D:1      | Reached skill level 1 in Maces & Flails
   190 | D:1      | You fall into a shaft and drop 1 floor!
   225 | D:2      | Reached XP level 2. HP: 20/21 MP: 2/2
   250 | D:2      | Found Paplausa's Book Emporium.
   494 | D:1      | Found Patafep's Antique Weapon Shop.
   869 | D:2      | Identified a scroll of acquirement
   869 | D:2      | Acquired 1296 gold pieces
   923 | D:1      | Bought a smoking hand axe for 136 gold pieces
   923 | D:1      | Identified the +7 hand axe "Plog" {drain, Str+4} (You
                  | bought it in a shop on level 1 of the Dungeon)
  1063 | D:2      | Reached XP level 3. HP: 27/27 MP: 3/3
  1398 | D:3      | Reached XP level 4. HP: 26/34 MP: 4/4
  1529 | D:3      | Found a runed translucent door.
  1535 | D:3      | Noticed pk666's ghost (amateur DEHW)
  1568 | D:3      | Noticed Grinder
  1581 | D:3      | Killed Grinder
  1582 | D:3      | Reached skill level 5 in Evocations
  1582 | D:3      | Reached skill level 1 in Axes
  1582 | D:3      | Reached XP level 5. HP: 36/42 MP: 5/5
  1582 | D:3      | Reached XP level 6. HP: 41/48 MP: 6/6
  1852 | D:3      | Found a bloodstained altar of Trog.
  2115 | D:4      | Reached skill level 2 in Axes
  2120 | D:4      | Reached XP level 7. HP: 46/54 MP: 7/7
  2122 | D:4      | Reached skill level 3 in Axes
  2298 | D:4      | Reached skill level 4 in Axes
  2343 | D:4      | Found a white marble altar of Elyvilon.
  2520 | D:4      | Reached XP level 8. HP: 56/60 MP: 8/8
  2616 | D:4      | Found an iron altar of Okawaru.
  2692 | D:4      | Found a shimmering blue altar of Sif Muna.
  2815 | D:4      | Found a staircase to the Ecumenical Temple.
  2847 | Temple   | Entered the Ecumenical Temple
  3084 | Temple   | Learned a level 1 spell: Apportation
  3085 | Temple   | Became a worshipper of Qazlal Stormbringer
  3160 | D:5      | Entered Level 5 of the Dungeon
  3186 | D:5      | Found a sacrificial altar of Ru.
  3222 | D:5      | Found an ornate altar of the Wu Jian Council.
  3509 | D:5      | Upgraded the game from 0.31-a0-45-g5f0c076935 to
                  | 0.31-a0-75-g6fe912e8c5
  3570 | D:5      | Reached skill level 5 in Fighting
  3857 | D:5      | Reached XP level 9. HP: 37/68 MP: 9/9
  4026 | D:5      | Reached * piety under Qazlal
  4032 | D:5      | Reached skill level 5 in Armour
  4199 | D:5      | Reached skill level 5 in Dodging
  4199 | D:5      | Reached skill level 1 in Invocations
  4205 | D:5      | Reached skill level 1 in Throwing
  4220 | D:5      | Reached skill level 5 in Axes
  4605 | D:6      | Noticed Menkaure
  4616 | D:6      | Killed Menkaure
  4617 | D:6      | Reached skill level 6 in Axes
  4617 | D:6      | Reached skill level 1 in Shields
  4664 | D:6      | Found a hazy altar of Hepliaklqana.
  4866 | D:6      | Noticed Eustachio
  4887 | D:6      | Killed Eustachio
  5082 | D:6      | Found an ancient bone altar of Kikubaaqudgha.
  5189 | D:6      | Reached skill level 7 in Axes
  5216 | D:6      | Reached ** piety under Qazlal
  5226 | D:6      | Reached XP level 10. HP: 74/74 MP: 11/11
  5492 | D:7      | Identified the +5 hand axe "Yxiuss" {protect, *Rage Fly
                  | rC+++}
  5719 | D:7      | Reached skill level 8 in Axes
  5858 | D:7      | Reached skill level 9 in Axes
  6315 | D:8      | Noticed Joseph
  6328 | D:8      | Killed Joseph
  6329 | D:8      | Reached skill level 10 in Axes
  6347 | D:8      | Noticed Pikel
  6356 | D:8      | Killed Pikel
  6499 | D:8      | Noticed Erica
  6509 | D:8      | Killed Erica
  6510 | D:8      | Reached skill level 11 in Axes
  6510 | D:8      | Reached XP level 11. HP: 58/79 MP: 12/12
  6702 | D:8      | Reached *** piety under Qazlal
  7033 | D:8      | Found a hide-covered altar of Uskayaw.
  7099 | D:8      | Found a broken altar of Ashenzari.
  7373 | D:8      | Found a blossoming altar of Fedhas.
  7596 | D:9      | Reached skill level 12 in Axes
  7699 | D:9      | Reached **** piety under Qazlal
  8011 | D:9      | Reached skill level 5 in Invocations
  8224 | D:9      | Found a staircase to the Orcish Mines.
  8392 | D:9      | Noticed Psyche
  8404 | D:9      | Killed Psyche
  8608 | D:9      | Noticed a deep elf pyromancer
  8614 | D:9      | Killed a deep elf pyromancer
  8616 | D:9      | Noticed a tengu warrior
  8633 | D:9      | Killed a tengu warrior
  8664 | D:9      | Noticed a brown ugly thing
  8671 | D:9      | Killed a brown ugly thing
  8671 | D:9      | Noticed a centaur warrior
  8677 | D:9      | Killed a centaur warrior
  8678 | D:9      | Reached skill level 13 in Axes
  8678 | D:9      | Reached XP level 12. HP: 45/86 MP: 17/17
  8973 | D:10     | Entered Level 10 of the Dungeon
  9135 | D:10     | Found a transporter.
  9136 | D:10     | Noticed mopl's ghost (journeyman OpHW)
  9136 | D:10     | Noticed an ice dragon
  9153 | D:10     | Found a transporter.
  9616 | D:10     | Reached ***** piety under Qazlal
  9946 | D:11     | Noticed Gastronok
  9957 | D:11     | Killed Gastronok
 10073 | D:11     | Noticed Lodul
 10084 | D:11     | Killed Lodul
 10092 | D:11     | Noticed Fannar
 10106 | D:11     | Reached skill level 10 in Invocations
 10187 | D:11     | Killed Fannar
 10331 | D:11     | Found a staircase to the Lair.
 10337 | D:11     | Noticed a boulder beetle
 10361 | D:11     | Killed a boulder beetle
 10532 | D:11     | Reached XP level 13. HP: 88/94 MP: 20/20
 11586 | Lair:1   | Entered Level 1 of the Lair of Beasts
 11618 | Lair:1   | Upgraded the game from 0.31-a0-75-g6fe912e8c5 to
                  | 0.31-a0-83-gbff143cfd1
 11707 | Lair:1   | Identified the +4 ring mail "Xakk" {Str+2}
 12751 | Lair:2   | Found a hole to the Spider Nest.
 12921 | Lair:2   | Noticed a seven-headed hydra
 12930 | Lair:2   | Killed a 13-headed hydra
 13302 | Lair:2   | Found a staircase to the Swamp.
 13652 | Lair:3   | Noticed a six-headed hydra
 13932 | Lair:3   | Identified the ring of Cucoadd {rC+ Will+ Str+6 Slay-6}
 14410 | Lair:3   | Killed a six-headed hydra
 14411 | Lair:3   | Reached skill level 10 in Armour
 14411 | Lair:3   | Reached XP level 14. HP: 109/109 MP: 21/21
 14683 | D:$      | Got out of the dungeon alive.

Illustrated notes

Levels and vault maps discovered:
D:1:      dpeg_arrival_stonehenge_8_columns, layout_loops_ring, serial_shops,
          nicolae_shop_competitors_out_of_business
D:2:      layout_basic, serial_shops, nicolae_shop_tiny_glass, serial_undead,
          serial_undead_c, serial_undead_b, serial_undead_d, serial_undead_a,
          serial_undead_b, minivault_14
D:3:      layout_loops_cross, lightli_temple_of_fire, ebering_ghost_sewer_d,
          corexii_leaking_fountain, uniq_grinder
D:4:      minmay_inner_zag, layout_rooms, lemuel_doored_altar, minitemple,
          minmay_temple_entry_glassed_door, minmay_circle_x
D:5:      layout_cave_pools, nicolae_ru_sacrificial_ziggurat,
          mainiacjoe_overflow_tiny_flanked, serial_gnoll_camp,
          gnoll_camp_mini_hut, gnoll_camp_mini_basic, gnoll_camp_mini_hut,
          gnoll_camp_huts_moat
D:6:      layout_loops_ring, nzn_hepliaklqana_mist_gate,
          lemuel_mausoleum_altar_kikubaaqudgha, minmay_curled_crystal,
          uniq_eustachio, uniq_menkaure
D:7:      layout_loops_ring
D:8:      layout_basic, nicolae_uskayaw_dance_hall, cheibrodos_ashenzari_chains,
          mainiacjoe_overflow_alcove_4, st_stairs_11, uniq_erica, uniq_joseph,
          uniq_pikel
D:9:      minmay_the_grid_3x2 [minmay_the_grid_aliased_spiral,
          minmay_the_grid_spikes, minmay_the_grid_dragon_b,
          minmay_the_grid_dragon_a, minmay_the_grid_outer_circle,
          minmay_the_grid_prize_big_room], layout_basic, erik_orc_1, uniq_psyche
D:10:     layout_grid_maze, gammafunk_ghost_berserking_beasts
D:11:     layout_basic, due_lair_maze_entry_diamond, minmay_hedge_maze,
          uniq_lodul, uniq_gastronok, uniq_fannar
Temple:   nicolae_temple_bog_church
Lair:1:   layout_chaotic_city, grunt_megastairs_3
Lair:2:   layout_regular_city, minmay_swamp_entry_swarm,
          nicolae_spider_entry_lesser_pyramids, gauntlet_entry_generic
Lair:3:   layout_cave_pods, lemuel_old_faithful, grunt_megastairs_1

Skill      XL: |  1  2  3  4  5  6  7  8  9 10 11 12 13 |
---------------+----------------------------------------+-----
Maces & Flails | 1 |  1.0
Fighting       | 2 4 5 6 9 |  9.9
Evocations     | 5 |  5.0
Axes           | 1 2 4 7 11 13 | 13.9
Dodging        | 4 5 |  5.0
Armour         | 4 5 6 10 | 10.0
Invocations    | 2 7 10 | 10.0
Throwing       | 2 |  2.0
Shields        | 3 4 |  4.0
Stealth        | |  1.0

Action                     |  1- 3 |  4- 6 |  7- 9 | 10-12 | 13-15 || total
---------------------------+-------+-------+-------+-------+-------++-------
  Melee: Club              |    89 |       |       |       |       ||    89
         Hand axe          |    22 |    22 |   274 |   660 |   278 ||  1256
  Throw: Throwing net      |       |       |       |       |     1 ||     1
 Invoke: Elemental Force   |       |       |       |     2 |     1 ||     3
         Upheaval          |       |       |       |       |     1 ||     1
  Evoke: Wand              |       |     7 |    24 |    11 |     6 ||    48
    Use: Scroll            |     2 |     2 |     9 |    12 |     1 ||    26
         Potion            |       |       |       |     2 |     1 ||     3
   Stab: Paralysed         |       |       |    10 |    12 |       ||    22
 Armour: Leather armour    |    13 |       |    13 |    32 |       ||    58
         Ring mail         |    54 |    11 |    28 |       |    22 ||   115
         Acid dragon scale |       |       |       |    20 |     4 ||    24
  Dodge: Dodged            |   102 |    15 |   183 |   190 |    97 ||   587
         Repelled          |       |       |       |     3 |       ||     3
  Block: Other             |       |       |    36 |       |       ||    36
         Reflection        |       |       |     1 |    17 |     2 ||    20
         Buckler           |       |       |    61 |   255 |   171 ||   487

Table legend: (Time is in decaauts)
 A = Elapsed time spent in this place.
 B = Non-inter-level travel time spent in this place.
 C = Inter-level travel time spent in this place.
 D = Time resting spent in this place.
 E = Time spent auto-exploring this place.
 F = Levels seen in this place.
 G = Mean time per level.
                   A        B        C        D        E       F      G
               +--------+--------+--------+--------+--------+-----+--------+
         Total |  14488 |  13686 |    802 |   1494 |   9150 |  15 |  965.9 |
       Dungeon |  11415 |  10748 |    667 |   1236 |   6886 |  11 | 1037.7 |
        Temple |    255 |    255 |      0 |      0 |    208 |   1 |  255.0 |
          Lair |   2818 |   2683 |    135 |    258 |   2055 |   3 |  939.3 |
               +--------+--------+--------+--------+--------+-----+--------+

Top non-repeatable levels by time:
     D:9: 1450 daAuts
    D:11: 1425 daAuts
  Lair:2: 1300 daAuts
     D:5: 1280 daAuts
     D:8: 1214 daAuts
    D:10: 1139 daAuts
     D:6: 919 daAuts
     D:7: 901 daAuts
     D:4: 890 daAuts
     D:1: 810 daAuts
  Lair:3: 788 daAuts
     D:3: 743 daAuts
  Lair:1: 729 daAuts
     D:2: 639 daAuts
  Temple: 255 daAuts
